 Dungeon Crawl Stone Soup version 0.27.1-33-g824d729ab1 (webtiles) character file.

Game seed: 7861802396261457004

674 demibob the Slasher (level 7, -6/52 HPs)
             Began as a Demonspawn Berserker on Nov 24, 2021.
             Was a Priest of Trog.
             Killed from afar by Dowan (17 damage)
             ... with a shard of ice
             ... on level 5 of the Dungeon on Nov 25, 2021.
             The game lasted 00:07:29 (4867 turns).

demibob the Slasher (Demonspawn Berserker)          Turns: 4867, Time: 00:07:30

Health: -6/52      AC:  4    Str: 15 (17) XL:     7   Next: 33%
Magic:  7/7        EV: 15    Int:  5 (8)  God:    Trog [***...]
Gold:   128        SH:  0    Dex: 25      Spells: 6/6 levels left

rFire    . . .     SeeInvis .   a - +0 falchion (flame)
rCold    . . .     Faith    .   (no shield)
rNeg     . . .     Spirit   .   b - +1 animal skin
rPois    .         Reflect  .   (no helmet)
rElec    .         Harm     .   (no cloak)
rCorr    .         Rampage  .   (no gloves)
Will     .....                  g - +0 pair of boots
Stlth    ++++......             (no amulet)
HPRegen  0.17/turn              D - +6 ring of dexterity
MPRegen  0.10/turn              (no ring)

@: on berserk cooldown, slowed, very slow
A: talons 1, thin skeletal structure 2, foul stench 1
a: Renounce Religion, Berserk, Trog's Hand


You were on level 5 of the Dungeon.
You worshipped Trog.
Trog was most pleased with you.
You visited 1 branch of the dungeon, and saw 5 of its levels.

You collected 128 gold pieces.


Innate Abilities, Weirdness & Mutations

You have sharp toenails.
You have a moderately thin skeletal structure. (Dex +4, Stealth++)
You may rarely emit foul miasma when damaged in melee.


   Skills:
 - Level 3.0 Fighting
 * Level 6.9 Long Blades
 - Level 1.7 Armour
 + Level 4.1 Dodging


You had 6 spell levels left.
You didn't know any spells.
Your spell library was empty.

Inventory:

Hand Weapons
 a - a +0 falchion of flaming (weapon)
Armour
 b - a +1 animal skin (worn)
 g - a +0 pair of boots (worn)
Jewellery
 D - a +6 ring of dexterity (left hand)
Wands
 e - a wand of polymorph (10)
 f - a wand of iceblast (9)
Scrolls
 d - a scroll of identify {@r1}
Potions
 h - a potion of haste {@q3}
 j - a potion of cancellation

Dungeon Overview and Level Annotations

Branches:
Dungeon (5/15)             Temple (0/1) D:4

Altars:
Nemelex Xobeh

Shops:
D:4 *

Annotations:
D:5 Dowan

.▒ ▒ . .. .▒
▒.▒..▒▒▒▒▒.
▒.▒..▒....
........ ▒.
▒..▒..
▒..▒...e▒
▒..▒...@▒
..).....▒▒
▒$.......▒
▒.▒...).▒▒▒▒▒.▒
▒ ▒▒..........▒
▒▒.▒.▒▒.▒▒.▒
▒.▒▒▒.▒.▒▒.▒
▒..........▒▒.▒
▒▒▒▒▒.<........


You could see Dowan (fast, strong).


Message History

You feel your anger nearly subside.
You are no longer berserk.
You are exhausted.
You feel yourself slow down. Dowan hits you with a +0 dagger.
You closely miss Dowan. Dowan hits you with a +0 dagger.
Dowan completely misses you.
You closely miss Dowan.
Dowan says, "How can I live without her?"
Dowan barely misses you. Dowan gestures at you while chanting.
The stone arrow misses you.
You hit Dowan. You burn Dowan.
Dowan is lightly wounded.
Dowan hits you with a +0 dagger.
* * * LOW HITPOINT WARNING * * *
Dowan casts a spell at you. The stone arrow hits you!
* * * LOW HITPOINT WARNING * * *
You hit Dowan. You burn Dowan.
Dowan is lightly wounded.
Dowan points at you and mumbles some strange words.
The stone arrow hits you!
* * * LOW HITPOINT WARNING * * *
Dowan shakes with grief.
Dowan hits you with a +0 dagger.
* * * LOW HITPOINT WARNING * * *
You feel better. Dowan casts a spell at you. The shard of ice hits you!
You die...

Skill      XL: |  1  2  3  4  5  6  7 |
---------------+----------------------+-----
Long Blades    | 3 4 6 |  6.9
Dodging        | 2 3 4 |  4.1
Fighting       | |  3.0
Armour         | |  1.7

Action                   |  1- 3 |  4- 6 |  7- 9 || total
-------------------------+-------+-------+-------++-------
Melee: Falchion          |    89 |   105 |    25 ||   219
       Kick              |    21 |    11 |       ||    32
Invok: Berserk           |     2 |     2 |     2 ||     6
       Trog's Hand       |       |     1 |       ||     1
  Use: Scroll            |     2 |     8 |       ||    10
       Potion            |       |     3 |     1 ||     4
 Stab: Sleeping          |     3 |     8 |       ||    11
Armor: Animal skin       |    14 |    29 |     2 ||    45
Dodge: Dodged            |    65 |   110 |    21 ||   196
       Rpst.: Falchion   |    16 |    31 |     4 ||    51

Levels and vault maps discovered:
D:1:      minmay_arrival_widening_spiral_wide, layout_basic,
          shapermc_ecumenical_altar_venn, serial_rivers,
          chequers_serial_rivers_small_3, chequers_serial_rivers_room_a,
          chequers_serial_rivers_room_b, chequers_serial_rivers_room_b
D:2:      cheibrodos_fertilizer, layout_loops_cross
D:3:      minmay_wonky_spiral, layout_basic, kennysheep_generic_room_10
D:4:      layout_loops_ring, lemuel_crystal_altar, temple_hall, serial_shops,
          nicolae_shop_overgrown_old_shop, uniq_ijyb, uniq_eustachio,
          uniq_menkaure
D:5:      layout_loops_ring, minmay_hollow_rounded_squares, uniq_pikel,
          uniq_grinder, uniq_duvessa, uniq_prince_ribbit1

Notes
Turn   | Place    | Note
-------+----------+-------------------------------------------
     0 | D:1      | demibob the Demonspawn Berserker began the quest for the
                  | Orb.
     0 | D:1      | Reached XP level 1. HP: 18/18 MP: 1/1
    71 | D:1      | Reached skill level 3 in Long Blades
   194 | D:1      | Gained mutation: You have sharp toenails. [demonic
                  | ancestry]
   194 | D:1      | Reached XP level 2. HP: 23/24 MP: 2/2
   490 | D:1      | Found a faded altar of an unknown god.
  1134 | D:2      | Gained mutation: You have a somewhat thin skeletal
                  | structure. (Dex +2, Stealth+) [demonic ancestry]
  1134 | D:2      | Reached XP level 3. HP: 25/29 MP: 3/3
  1443 | D:2      | Reached skill level 4 in Long Blades
  1562 | D:2      | Reached ** piety under Trog
  1811 | D:2      | Reached skill level 2 in Dodging
  2061 | D:2      | Reached XP level 4. HP: 35/35 MP: 4/4
  2436 | D:2      | Reached XP level 5. HP: 41/41 MP: 5/5
  2438 | D:2      | Reached skill level 5 in Long Blades
  3147 | D:3      | Reached *** piety under Trog
  3816 | D:4      | Found Lapnets's Assorted Antiques.
  3827 | D:4      | Reached skill level 3 in Dodging
  4004 | D:4      | Found a sparkling altar of Nemelex Xobeh.
  4024 | D:4      | Noticed Ijyb
  4135 | D:4      | Noticed Eustachio
  4136 | D:4      | Noticed Menkaure
  4143 | D:4      | Killed Menkaure
  4144 | D:4      | Reached skill level 6 in Long Blades
  4144 | D:4      | Gained mutation: You may rarely emit foul miasma when
                  | damaged in melee. [demonic ancestry]
  4144 | D:4      | Reached XP level 6. HP: 37/47 MP: 6/6
  4172 | D:4      | Killed Eustachio
  4173 | D:4      | Gained mutation: You have a moderately thin skeletal
                  | structure. (Dex +4, Stealth++) [demonic ancestry]
  4173 | D:4      | Reached XP level 7. HP: 49/52 MP: 7/7
  4448 | D:4      | Killed Ijyb
  4517 | D:4      | Found a staircase to the Ecumenical Temple.
  4845 | D:5      | Entered Level 5 of the Dungeon
  4846 | D:5      | Noticed Duvessa
  4849 | D:5      | Noticed Dowan
  4857 | D:5      | Killed Duvessa
  4858 | D:5      | Reached skill level 4 in Dodging
  4866 | D:5      | HP: 2/52 [Dowan (6)]
  4867 | D:5      | Killed from afar by Dowan

Vanquished Creatures
  Eustachio (D:4)
  Menkaure (D:4)
  Duvessa (D:5)
  3 jellies (D:2)
  A hound (D:4)
  Ijyb (D:4)
  4 adders
  An ufetubus (D:5)
  An adder skeleton (D:4)
  4 worms
  2 dart slugs
  3 orcs (D:3)
  12 endoplasms
  A giant cockroach (D:2)
  7 goblins
  6 hobgoblins
  5 jackals
  14 kobolds
  3 quokkas
  9 ball pythons
  9 bats
  5 frilled lizards
  4 rats
98 creatures vanquished.

Vanquished Creatures (others)
  3 fungi (D:2)
  3 plants (D:4)
  8 toadstools (D:2)
14 creatures vanquished.

Grand Total: 112 creatures vanquished

Table legend: (Time is in decaauts)
 A = Elapsed time spent in this place.
 B = Non-inter-level travel time spent in this place.
 C = Inter-level travel time spent in this place.
 D = Time resting spent in this place.
 E = Time spent auto-exploring this place.
 F = Levels seen in this place.
 G = Mean time per level.
                   A        B        C        D        E       F      G
               +--------+--------+--------+--------+--------+-----+--------+
         Total |   4932 |   4837 |     95 |    675 |   3547 |   5 |  986.4 |
       Dungeon |   4932 |   4837 |     95 |    675 |   3547 |   5 |  986.4 |
               +--------+--------+--------+--------+--------+-----+--------+

Top non-repeatable levels by time:
     D:2: 1634 daAuts
     D:1: 1130 daAuts
     D:3: 1086 daAuts
     D:4: 1062 daAuts
     D:5: 19 daAuts

Table legend:
 A = Non-vault XP
 B = Vault XP
 C = Vault XP percentage of total XP
 D = Non-vault monster count
 E = Vault monster count
 F = Vault count percentage of total count
                 A         B        C        D         E       F
            +---------+---------+-------+---------+---------+-------
      Total |     234 |     729 |  75.7 |      73 |      25 |  25.5
            +---------+---------+-------+---------+---------+-------
        D:1 |      30 |       0 |   0.0 |      17 |       0 |   0.0
        D:2 |      69 |     153 |  68.9 |      26 |      18 |  40.9
        D:3 |      38 |       6 |  13.6 |      18 |       3 |  14.3
        D:4 |      89 |     421 |  82.5 |      11 |       3 |  21.4
        D:5 |       8 |     149 |  94.9 |       1 |       1 |  50.0
            +---------+---------+-------+---------+---------+-------
